AoeStats
← Tafano

Team Islands

503134151Analyzed
2v2 RM · 3mo ago on Aug 30, 2026· 58m 17s· 4 players
Game mode
Random Map
Map size
185×185
Population
200
Speed
Normal
Resources
Standard
Victory
Conquest
Starting age
Dark Age
Ending age
Imperial Age
RankedLock teamsTeams togetherTeam positionsShared explorationLock speedFull tech treeHidden civsTurbo modeCheats
Victory
Defeat
🇫🇷 Goths · France
788
+15
🇫🇷 Vikings · France
768
+16
vs
🇮🇹 Japanese · Italy
781
-16
🇨🇳 Spanish · China
747
-15
Lay_Name
11:06 Feudal Age
15:44 Castle Age
14:26 Double-Bit Axe
14:23 Horse Collar
16:53 Wheelbarrow
17:25 Heavy Plow
18:06 Bow Saw
21:37 Gold Mining
23:28 Hand Cart
24:30 Stone Mining
27:05 Stone Shaft Mining
28:08 Medium Warships
30:39 Imperial Age
30:25 Clinker Construction
30:26 Careening
30:38 Ballistics
30:14 Murder Holes
30:33 Scale Barding Armor
30:18 Fletching
33:23 Chemistry
32:52 Heavy Warships
34:25 Loom
34:25 Town Watch
35:58 Bodkin Arrow
36:05 Elite Cannon Galleon
37:21 Arrowslits
37:57 Shipwright
39:41 Carvel Hull
39:42 Dry Dock
39:36 Masonry
39:58 Bracer
40:19 Chain Barding Armor
40:01 Padded Archer Armor
40:55 Demolition Ship
45:03 Two-Man Saw
45:21 Town Patrol
46:32 Caravan
46:43 Guilds
51:08 Conscription
50:10 Elite Conquistador
50:53 Inquisition
51:37 Architecture
Tafano
4:16 Loom
11:18 Feudal Age
12:16 Double-Bit Axe
17:42 Castle Age
18:21 Wheelbarrow
19:56 Bow Saw
20:05 Horse Collar
23:17 Fishing Lines
24:11 Hand Cart
27:09 Town Watch
26:50 Man-at-Arms
27:15 Gambesons
27:34 Long Swordsman
29:14 Stone Mining
31:24 Gillnets
36:49 Imperial Age
34:43 Heavy Plow
40:42 Two-Man Saw
40:09 Town Patrol
46:22 Murder Holes
46:11 Treadmill Crane
46:55 Fletching
48:07 Bodkin Arrow
52:24 Two-Handed Swordsman
53:30 Champion
Guiguigarf
0:41 Loom
2:48 Loom
20:12 Feudal Age
20:43 Town Watch
21:43 Double-Bit Axe
24:10 Castle Age
22:42 Fletching
22:53 Padded Archer Armor
22:45 Gold Mining
22:46 Stone Mining
22:58 Fishing Lines
25:03 Bodkin Arrow
25:41 Gillnets
26:44 Gold Shaft Mining
26:22 Bow Saw
26:37 Ballistics
26:29 Careening
26:30 Clinker Construction
27:20 Treadmill Crane
27:51 Masonry
27:36 Murder Holes
30:58 Chieftains
31:34 Town Patrol
37:25 Imperial Age
37:33 Elite Longship
38:34 Bogsveigar
38:55 Conscription
39:11 Hoardings
38:41 Bracer
38:57 Leather Archer Armor
39:46 Chemistry
39:07 Dry Dock
39:08 Carvel Hull
40:27 Elite Cannon Galleon
41:27 Horse Collar
42:51 Two-Man Saw
44:06 Elite Berserk
44:59 Forging
44:50 Scale Mail Armor
54:26 Man-at-Arms
54:52 Gambesons
55:09 Squires
54:54 Arson
55:48 Iron Casting
55:29 Chain Mail Armor
55:22 Siege Engineers
55:48 Architecture
megabeau
1:53 Loom
13:37 Feudal Age
14:40 Gold Mining
19:13 Castle Age
17:46 Fletching
17:56 Stone Mining
20:16 Bodkin Arrow
20:41 Double-Bit Axe
22:53 Stone Shaft Mining
31:49 Imperial Age
29:48 Bow Saw
30:21 Forging
30:12 Scale Mail Armor
30:41 Man-at-Arms
31:24 Squires
31:45 Long Swordsman
31:48 Pikeman
33:44 Conscription
32:52 Two-Handed Swordsman
33:54 Two-Handed Swordsman
34:32 Champion
35:53 Iron Casting
35:34 Chain Mail Armor
35:25 Halberdier
37:16 Wheelbarrow
39:00 Blast Furnace
39:02 Bracer
40:14 Hand Cart
40:08 Town Watch
41:39 Perfusion
43:42 Town Patrol
45:47 Padded Archer Armor
45:56 Scale Barding Armor
47:19 Anarchy
55:35 Elite Huskarl
Connection lost

Rejoining the realm…

Still unreachable

The connection could not be restored.

Session expired

The server has moved on; the page needs a fresh start.